 Dungeon Crawl Stone Soup version 0.28-a0-1404-g4df0f3684d (webtiles) character file.

Game seed: 17696204603818475891

42 bande the Skirmisher (level 3, 0/24 HPs)
             Began as a Gargoyle Fighter on Jan 6, 2022.
             Slain by an orc wizard (1 damage)
             ... on level 3 of the Dungeon.
             The game lasted 00:01:29 (2499 turns).

bande the Skirmisher (Gargoyle Fighter)             Turns: 2499, Time: 00:01:30

Health: 0/24       AC: 10    Str: 19    XL:     3   Next: 54%
Magic:  3/3        EV:  9    Int:  8    God:
Gold:   88         SH:  4    Dex: 11    Spells: 2/2 levels left

rFire   . . .      SeeInvis .   a - +0 war axe
rCold   . . .      Faith    .   c - +0 buckler
rNeg    + . .      Spirit   .   b - +0 scale mail
rPois   ∞          Reflect  .   (no helmet)
rElec   +          Harm     .   (no cloak)
rCorr   .          Rampage  .   (no gloves)
Will    .....                   (no boots)
Stlth   ..........              (no amulet)
HPRegen 0.08/turn               (no ring)
MPRegen 0.08/turn               (no ring)

@: no status effects
A: sickness immunity, AC +3, negative energy resistance 1, electricity
resistance, torment resistance 1, petrification resistance
a: no special abilities


You were on level 3 of the Dungeon.
You visited 1 branch of the dungeon, and saw 3 of its levels.

You collected 88 gold pieces.

Inventory:

Hand Weapons
 a - a +0 war axe (weapon)
Armour
 b - a +0 scale mail (worn)
 c - a +0 buckler (worn)
Scrolls
 e - a scroll of fear {unknown}
 g - 2 scrolls of identify {unknown}
 h - a scroll of enchant weapon {unknown}
Potions
 d - a potion of might
 f - a potion of flight {unknown}


   Skills:
 + Level 3.9 Fighting
 + Level 2.4 Axes
 + Level 3.8 Armour
 + Level 3.4 Shields


You had 2 spell levels left.
You didn't know any spells.
Your spell library was empty.

Dungeon Overview and Level Annotations

Branches:
Dungeon (2/15)

Altars:


Innate Abilities, Weirdness & Mutations

You are immune to sickness and miasma.
Your stone body is resilient. (AC +3)
You are immune to poison.
You resist negative energy. (rN+)
You are resistant to electric shocks. (rElec)
You are resistant to unholy torment.
You are immune to petrification.


Message History

Something tries to affect you, but you resist.
You barely miss something.
You hit the orc wizard but do no damage.
The orc wizard gestures at you while chanting.
The puff of flame misses you.
You hear some strange, mumbled words.
You are confused.
The orc wizard hits you but does no damage.
You're too confused to move!
Something hits you but does no damage.
The orc wizard hits you but does no damage.
You bump into the rock wall.
Something hits you but does no damage.
The orc wizard hits you with a +0 dagger.
You bump into the rock wall.
You hear some strange, mumbled words.
A magic dart appears from out of thin air!
The magic dart hits you!
The orc wizard hits you but does no damage.
You bump into the rock wall.
You feel less confused. Something hits you but does no damage.
You block the orc wizard's attack. The orc hits you but does no damage.
You hit the orc wizard but do no damage.
The orc wizard is moderately wounded.
You miss something. You barely miss the orc.
You hear some strange, mumbled words.
A puff of flame appears from out of thin air!
The puff of flame hits you.
* * * LOW HITPOINT WARNING * * *
The orc wizard hits you but does no damage.
You block the orc's attack.
The orc priest calls upon Beogh to heal the orc wizard.
The orc wizard is healed somewhat.
You hit the orc wizard.
The orc wizard is lightly wounded.
You hit the orc. You miss something. Something hits you.
* * * LOW HITPOINT WARNING * * *
The orc wizard gestures at you while chanting.
The magic dart hits you but does no damage.
The orc hits you but does no damage. Something hits you.
You die...

.. #####....
#. ##....#
#...##{o####..
#...@oo.)..#
#...####..##
#.##. ..# # #.
... .# .# # .


You could see an orc priest, an orc wizard and an orc.

Vanquished Creatures
  A gnoll (D:1)
  2 orcs
  3 ball pythons
  2 bats (D:2)
  An endoplasm (D:1)
  5 goblins
  4 hobgoblins
  3 kobolds
  3 quokkas
  A frilled lizard (D:2)
25 creatures vanquished.

Notes
Turn   | Place    | Note
-------+----------+-------------------------------------------
     0 | D:1      | bande the Gargoyle Fighter began the quest for the Orb.
     0 | D:1      | Reached XP level 1. HP: 14/14 MP: 1/1
   632 | D:1      | Reached XP level 2. HP: 7/20 MP: 2/2
  1684 | D:1      | Reached XP level 3. HP: 24/24 MP: 3/3
  2001 | D:2      | Found a faded altar of an unknown god.
  2478 | D:2      | You fall into a shaft and drop 1 floor!
  2499 | D:3      | HP: 1/24 [something (3)]
  2499 | D:3      | Slain by an orc wizard

Illustrated notes

Levels and vault maps discovered:
D:1:      dpeg_arrival_leaves_temple_mockup, layout_loops_ring,
          minmay_misc_feat_tower
D:2:      layout_basic, hellmonk_ecumenical_altar_blasted,
          kennysheep_generic_room_2
D:3:      wad_crossroads, layout_rooms, grunt_ashenzari_visionary
          [grunt_ashenzari_visionary_shoals, grunt_ashenzari_visionary_spider],
          chequers_temple_overflow_minitemple, gammafunk_ghost_gnarly_gnolls

Skill      XL: |  1 |
---------------+----+-----
Axes           | 2 |  2.4
Fighting       | |  3.9
Armour         | |  3.8
Shields        | |  3.4

Action                   || total
-------------------------++-------
Melee: War axe           ||    98
Armor: Scale mail        ||    69
Dodge: Dodged            ||    46
Block: Buckler           ||    16

Table legend: (Time is in decaauts)
 A = Elapsed time spent in this place.
 B = Non-inter-level travel time spent in this place.
 C = Inter-level travel time spent in this place.
 D = Time resting spent in this place.
 E = Time spent auto-exploring this place.
 F = Levels seen in this place.
 G = Mean time per level.
                   A        B        C        D        E       F      G
               +--------+--------+--------+--------+--------+-----+--------+
         Total |   2540 |   2517 |     23 |   1268 |   1020 |   3 |  846.7 |
       Dungeon |   2540 |   2517 |     23 |   1268 |   1020 |   3 |  846.7 |
               +--------+--------+--------+--------+--------+-----+--------+

Top non-repeatable levels by time:
     D:1: 1907 daAuts
     D:2: 606 daAuts
     D:3: 26 daAuts
